 Dungeon Crawl Stone Soup version 0.27-a0-887-gcab673c142 (webtiles) character file.

Game seed: 156307152454648695

2 Alarkh the Skirmisher (level 1, -1/18 HPs)
             Began as a Demonspawn Fighter on Apr 4, 2021.
             Slain by a quokka (2 damage)
             ... on level 1 of the Dungeon.
             The game lasted 00:00:13 (78 turns).

Alarkh the Skirmisher (Demonspawn Fighter)            Turns: 78, Time: 00:00:14

Health: -1/18      AC:  6    Str: 16    XL:     1   Next: 33%
Magic:  1/1        EV:  6    Int:  9    God:
Gold:   0          SH:  8    Dex: 12    Spells: 0/0 levels left

rFire    . . .     SeeInvis .     - Unarmed
rCold    . . .     Faith    .   b - +0 kite shield
rNeg     . . .     Spirit   .   a - +0 scale mail
rPois    .         Reflect  .   (no helmet)
rElec    .         Harm     .   (no cloak)
rCorr    .         Rampage  .   (no gloves)
Will     .....                  (no boots)
Stlth    ..........             (no amulet)
HPRegen  0.06/turn              (no ring)
MPRegen  0.07/turn              (no ring)

@: no status effects
A: no striking features
a: no special abilities


You were on level 1 of the Dungeon.
You visited 1 branch of the dungeon, and saw 1 of its levels.

Inventory:

Armour
 a - a +0 scale mail (worn)
 b - a +0 kite shield (worn)
Potions
 c - a potion of might


   Skills:
 + Level 3.0 Fighting
 - Level 2.6 Armour
 + Level 2.7 Shields
 * Level 1.9 Unarmed Combat


You couldn't memorise any spells.
You didn't know any spells.
Your spell library was empty.

Dungeon Overview and Level Annotations

Branches:
Dungeon (1/15)

Altars:


Message History

The quokka bites you but does no damage.
You closely miss the quokka.
The quokka bites you but does no damage.
You closely miss the quokka. The quokka bites you.
* * * LOW HITPOINT WARNING * * *
You block the quokka's attack.
You hit the quokka but do no damage. You block the quokka's attack.
You hit the quokka but do no damage. The quokka barely misses you.
You hit the quokka but do no damage. The quokka bites you.
* * * LOW HITPOINT WARNING * * *
You block the quokka's attack.
You barely miss the quokka. You block the quokka's attack.
You hit the quokka.
The quokka is almost dead.
You block the quokka's attack. The quokka bites you.
* * * LOW HITPOINT WARNING * * *
You barely miss the quokka.
The quokka is almost dead.
You block the quokka's attack.
You hit the quokka but do no damage.
The quokka is almost dead.
The quokka bites you but does no damage. x2
You miss the quokka.
The quokka is almost dead.
The quokka bites you but does no damage.
You miss the quokka.
The quokka is almost dead.
You block the quokka's attack.
You hit the quokka but do no damage.
The quokka is almost dead.
The quokka bites you but does no damage.
You block the quokka's attack.
You barely miss the quokka.
The quokka is almost dead.
The quokka bites you.
* * * LOW HITPOINT WARNING * * *
You barely miss the quokka.
The quokka is almost dead.
The quokka bites you.
You die...

#..##...#
#.......# ###
#.....>.# #.#
#.......# #.#
#..###..# #[$#.#
#..# #..#####..#..
#..# #.........#.#
#..###.........#.#
#..............#@#
#........## #..#r#
#........# #..#g#
#..####..# #...g#
#..# #..# #gK#.#
#..# #..####g.#.#
#..# #........#.#
#..####........#.#
.......)......#..


You could see a quokka and 2 hobgoblins.

Vanquished Creatures
  A bat (D:1)
  A goblin (D:1)
2 creatures vanquished.

Notes
Turn   | Place    | Note
-------+----------+-------------------------------------------
     0 | D:1      | Alarkh the Demonspawn Fighter began the quest for the Orb.
     0 | D:1      | Reached XP level 1. HP: 18/18 MP: 1/1
    78 | D:1      | Slain by a quokka

Illustrated notes

Levels and vault maps discovered:
D:1:      dpeg_arrival_boxorama, layout_rooms, serial_shops,
          nicolae_shop_temple_entry_statues_fountains, palyth_stone_intersect

Action                   || total
-------------------------++-------
Melee: Unarmed           ||    39
Armor: Scale mail        ||    51
Dodge: Dodged            ||    18
Block: Kite shield       ||    41

Table legend: (Time is in decaauts)
 A = Elapsed time spent in this place.
 B = Non-inter-level travel time spent in this place.
 C = Inter-level travel time spent in this place.
 D = Time resting spent in this place.
 E = Time spent auto-exploring this place.
 F = Levels seen in this place.
 G = Mean time per level.
                   A        B        C        D        E       F      G
               +--------+--------+--------+--------+--------+-----+--------+
         Total |     86 |     86 |      0 |      0 |     16 |   1 |   86.0 |
       Dungeon |     86 |     86 |      0 |      0 |     16 |   1 |   86.0 |
               +--------+--------+--------+--------+--------+-----+--------+

Top non-repeatable levels by time:
     D:1: 86 daAuts
